 Dungeon Crawl Stone Soup version 0.26.1-2-gb8aa6d0cf2 (webtiles) character file.

Game seed: 3839567467207288314

9342 Ladykiller69 the Severer (level 11, -6/101 HPs)
             Began as a Hill Orc Gladiator on Mar 24, 2021.
             Was an Elder of Wu Jian.
             Mangled by a manticore (18 damage)
             ... on level 14 of the Dungeon on Mar 25, 2021.
             The game lasted 00:33:47 (15076 turns).

Ladykiller69 the Severer (Hill Orc Gladiator)      Turns: 15076, Time: 00:33:48

Health: -6/101     AC: 13    Str: 21    XL:     11   Next: 45%
Magic:  11/11      EV: 12    Int:  8    God:    Wu Jian [****..]
Gold:   693        SH:  0    Dex: 12    Spells: 10/10 levels left

rFire    . . .     SeeInvis .   a - +0 war axe
rCold    + . .     Faith    .   (no shield)
rNeg     . . .     Spirit   .   g - +2 ring mail {rC+}
rPois    .         Reflect  .   M - +0 helmet (curse)
rElec    .         Harm     .   (no cloak)
rCorr    .         Rampage  .   A - +1 pair of gloves
Will     .....                  (no boots)
Stlth    +.........             (no amulet)
HPRegen  0.26/turn              (no ring)
MPRegen  0.12/turn              (no ring)

@: about to teleport, barbed spikes
A: no striking features
a: Renounce Religion, Wall Jump, Serpent's Lash


You were on level 14 of the Dungeon.
You worshipped Wu Jian.
Wu Jian was greatly pleased with you.
You visited 2 branches of the dungeon, and saw 13 of its levels.

You collected 693 gold pieces.

Inventory:

Hand Weapons
 a - a +0 war axe (weapon)
 t - a +0 short sword of electrocution
 y - a +0 scimitar of protection
 B - a +0 dire flail
Missiles
 z - 9 poisoned darts
 G - 5 curare-tipped darts (quivered)
 J - 8 atropa-tipped darts
Armour
 g - a +2 ring mail of cold resistance (worn)
 A - a +1 pair of gloves (worn)
 M - a cursed +0 helmet (worn)
Jewellery
 l - an uncursed amulet of the acrobat {unknown}
 q - an uncursed ring of positive energy {unknown}
 v - a cursed ring of attention {unknown}
 E - a cursed ring of teleportation {unknown}
 K - a +6 ring of intelligence {unknown}
 T - an uncursed amulet of guardian spirit {unknown}
 V - an uncursed ring of stealth
Wands
 c - a wand of enslavement (27)
 d - a wand of flame (7)
 N - a wand of iceblast (15)
 P - a wand of paralysis (9)
 R - a wand of polymorph (11)
 U - a wand of digging (4)
Scrolls
 i - a scroll of teleportation
 k - 7 scrolls of identify {unknown}
 m - 2 scrolls of amnesia {unknown}
 o - 2 scrolls of random uselessness {unknown}
 p - 4 scrolls of magic mapping {unknown}
 r - 9 scrolls of remove curse {unknown}
 s - a scroll of blinking {unknown}
 u - 3 scrolls of enchant armour {unknown}
 w - a scroll of immolation {unknown}
 x - 4 scrolls of fear {unknown}
 D - a scroll of enchant weapon {unknown}
 H - a scroll of noise {unknown}
 S - a scroll of acquirement {unknown}
Potions
 b - 4 potions of brilliance {unknown}
 e - 5 potions of flight {unknown}
 f - a potion of lignification {unknown}
 h - 6 potions of curing
 j - a potion of heal wounds {unknown}
 n - 3 potions of invisibility {unknown}
 C - a potion of magic {unknown}
 F - 2 potions of attraction {unknown}
 I - 2 potions of degeneration {unknown}
 L - 2 potions of haste {unknown}
 O - a potion of ambrosia {unknown}
 Q - a potion of berserk rage {unknown}
 W - a potion of might {unknown}


   Skills:
 + Level 10.6 Fighting
 * Level 15.5 Axes
 - Level 2.1 Throwing
 + Level 9.5 Armour
 - Level 3.0 Dodging


You had 10 spell levels left.
You didn't know any spells.
Your spell library contained the following spells:

 Spells                   Type           Power        Failure   Level
 Animate Skeleton         Necr           0%           54%         1
 Apportation              Tloc           0%           54%         1
 Corona                   Hex            0%           54%         1
 Freeze                   Ice            0%           54%         1
 Summon Small Mammal      Summ           0%           54%         1
 Slow                     Hex            0%           69%         2
 Confusing Touch          Hex            0%           89%         3
 Frozen Ramparts          Ice            0%           89%         3
 Gell's Gravitas          Tloc           0%           89%         3
 Inner Flame              Hex/Fire       0%           89%         3
 Ozocubu's Armour         Ice            0%           89%         3
 Portal Projectile        Hex/Tloc       0%           89%         3
 Cause Fear               Hex            0%           100%        4
 Hailstorm                Conj/Ice       0%           100%        4
 Leda's Liquefaction      Hex/Erth       0%           100%        4
 Petrify                  Tmut/Erth      0%           100%        4
 Summon Ice Beast         Ice/Summ       0%           100%        4
 Metabolic Englaciation   Hex/Ice        0%           100%        5
 Yara's Violent Unravell  Hex/Tmut       0%           100%        5


Dungeon Overview and Level Annotations

Branches:
Dungeon (11/15)            Temple (1/1) D:4            Lair (0/6) D:8
    Orc: D:9-12

Altars:
Kikubaaqudgha
Nemelex Xobeh
Qazlal
Sif Muna
Wu Jian
Yredelemnul
Zin

Shops:
D:6 }

Portals:
Abyss: D:6

Annotations:
D:3 Grinder, Sigmund
D:6 2 transporters, 1 runed translucent door, Crazy Yiuf; ZZKoverts's ghost, novice OpBr
D:7 Joseph
D:8 Maurice


Message History

You barely miss the guardian serpent. You hit the manticore.
The guardian serpent hits you!!
* * * LOW HITPOINT WARNING * * *
The manticore closely misses you.
The manticore claws you but does no damage.
The manticore claws you!
* * * LOW HITPOINT WARNING * * *
There are monsters nearby!
You slash the manticore!
The manticore is heavily wounded.
You hit the guardian serpent but do no damage.
You hit the slime creature. The guardian serpent hits you!
* * * LOW HITPOINT WARNING * * *
The slime creature hits you but does no damage.
You slice the manticore!!
The manticore is almost dead.
You miss the guardian serpent. You hit the slime creature.
The guardian serpent closely misses you.
The manticore bites you!!
You die...

...≈≈ ..§≈# #≈....
#..... ...≈# #≈.....
.#..... ...≈#
#≈....##....... ...≈##
##§.....#.#....#
...≈≈####≈≈............#
....≈≈§§§≈........#...#
##.....
......§§.......J.....#
........
##..........##.S@.#
......#
.#..........#..H.#......
#..O.#
.......J....J...## .....
#..... #.....#........##
.... #.....
##...###......## ...
#..... ##### ##....## ..
#..... ######
.######.p.. ......##...
...........


You could see 2 slime creatures, a manticore and a guardian serpent.

Vanquished Creatures
  2 two-headed ogres
  An unseen horror (D:11)
  Pikel (D:6)
  A gargoyle (D:10)
  A kobold demonologist (D:11)
  A troll (D:9)
  A wyvern (D:9)
  3 yaks (D:9)
  A steam dragon (D:11)
  A water moccasin (D:10)
  A black bear (D:8)
  A sky beast (D:8)
  7 orc warriors
  2 necrophages
  5 ogres
  A phantom (D:9)
  3 centaurs
  4 lemures
  10 bullfrogs
  6 big kobolds
  A gnoll sergeant (D:11)
  A wyvern zombie (D:7)
  10 killer bees
  5 scorpions
  4 wights (D:10)
  A centaur zombie (D:8)
  A bullfrog zombie (D:9)
  A quasit (D:9)
  2 centaur skeletons
  6 hounds
  3 orc priests
  2 bullfrog skeletons
  2 jellies
  6 human zombies (D:9)
  Terence (D:3)
  3 iguanas
  11 orc wizards
  8 worker ants
  2 ogre zombies (D:9)
  A hound skeleton (D:6)
  3 mummies (D:9)
  2 worker ant zombies
  6 gnolls
  A river rat (D:4)
  11 adders
  A howler monkey skeleton (D:4)
  A shadow imp (D:7)
  A white imp (D:8)
  An ufetubus (D:8)
  3 oozes
  An adder zombie (D:9)
  A worm (D:2)
  2 dart slugs
  5 leopard geckos
  33 orcs
  3 ball pythons (D:4)
  10 bats
  5 giant cockroaches
  2 goblins
  9 hobgoblins
  4 jackals (D:1)
  17 kobolds
  2 quokkas
  7 frilled lizards
  A leopard gecko skeleton (D:8)
  A quokka skeleton (D:8)
  8 rats
265 creatures vanquished.

Vanquished Creatures (others)
  A shadow (D:11)
  An orc (D:7)
  4 fungi (D:8)
  4 plants (D:8)
10 creatures vanquished.

Grand Total: 275 creatures vanquished

Notes
Turn   | Place    | Note
-------+----------+-------------------------------------------
     0 | D:1      | Ladykiller69 the Hill Orc Gladiator began the quest for the
                  | Orb.
     0 | D:1      | Reached XP level 1. HP: 18/18 MP: 1/1
    19 | D:1      | You fall into a shaft and drop 1 floor!
   172 | D:2      | Reached XP level 2. HP: 25/25 MP: 2/2
   536 | D:1      | Reached XP level 3. HP: 30/30 MP: 3/3
   815 | D:1      | Reached skill level 1 in Armour
  1577 | D:2      | Reached skill level 5 in Axes
  1588 | D:2      | Reached XP level 4. HP: 32/38 MP: 4/4
  2202 | D:3      | Noticed Terence
  2214 | D:3      | Killed Terence
  2215 | D:3      | Reached XP level 5. HP: 38/45 MP: 3/5
  2356 | D:3      | Noticed Sigmund
  2373 | D:3      | Noticed Grinder
  2634 | D:4      | Found a staircase to the Ecumenical Temple.
  2653 | D:4      | Reached skill level 6 in Axes
  2655 | Temple   | Entered the Ecumenical Temple
  2953 | Temple   | Became a worshipper of the Wu Jian Council
  3071 | D:4      | Reached XP level 6. HP: 40/52 MP: 6/6
  3759 | D:5      | Entered Level 5 of the Dungeon
  4167 | D:3      | Reached skill level 7 in Axes
  4172 | D:3      | Paralysed by Grinder for 3 turns
  4178 | D:3      | Reached * piety under Wu Jian
  4594 | D:3      | Paralysed by Grinder for 2 turns
  4754 | D:5      | Reached XP level 7. HP: 29/60 MP: 7/7
  5036 | D:5      | Found a stormy altar of Qazlal.
  5482 | D:5      | Reached skill level 5 in Fighting
  5482 | D:5      | Reached skill level 8 in Axes
  6188 | D:6      | Reached skill level 9 in Axes
  6188 | D:6      | Reached XP level 8. HP: 49/69 MP: 8/8
  6192 | D:6      | Found a shimmering blue altar of Sif Muna.
  6408 | D:6      | Noticed Pikel
  6644 | D:6      | Found Hatroba's Gadget Boutique.
  6678 | D:6      | Reached skill level 5 in Armour
  6821 | D:6      | Found a transporter.
  6831 | D:6      | Found a transporter.
  6845 | D:6      | Found a one-way gate to the infinite horrors of the Abyss.
  6846 | D:6      | Noticed ZZKoverts's ghost (novice OpBr)
  7025 | D:6      | Found a runed translucent door.
  7026 | D:6      | Noticed Crazy Yiuf
  7089 | D:6      | Killed Pikel
  7090 | D:6      | Reached skill level 10 in Axes
  7090 | D:6      | Reached XP level 9. HP: 75/78 MP: 9/9
  7638 | D:7      | Reached skill level 11 in Axes
  8444 | D:7      | Noticed Joseph
  8892 | D:8      | Reached ** piety under Wu Jian
  8932 | D:8      | Reached skill level 12 in Axes
  9483 | D:8      | Reached XP level 10. HP: 69/90 MP: 10/10
  9807 | D:8      | Reached skill level 13 in Axes
  9847 | D:8      | Noticed Maurice
  9928 | D:8      | Found a staircase to the Lair.
  9938 | D:8      | Noticed a two-headed ogre
 10226 | D:8      | Killed a two-headed ogre
 10735 | D:9      | Found a basalt altar of Yredelemnul.
 11219 | D:9      | Reached *** piety under Wu Jian
 11419 | D:9      | Reached skill level 14 in Axes
 11883 | D:9      | Noticed a two-headed ogre
 11896 | D:9      | Killed a two-headed ogre
 12005 | D:9      | Reached XP level 11. HP: 99/99 MP: 11/11
 12096 | D:9      | Reached skill level 10 in Fighting
 12378 | D:10     | Entered Level 10 of the Dungeon
 12890 | D:10     | Reached skill level 15 in Axes
 13292 | D:11     | Noticed a green ugly thing
 13537 | D:11     | Killed an unseen horror
 14233 | D:11     | Found a sparkling altar of Nemelex Xobeh.
 14578 | D:11     | Reached **** piety under Wu Jian
 14986 | D:11     | You fall into a shaft and drop 3 floors!
 14986 | D:14     | Noticed a deep elf mage
 14986 | D:14     | Noticed a wizard
 14987 | D:14     | Noticed a two-headed ogre
 14990 | D:14     | Noticed an orc sorcerer
 14993 | D:14     | Noticed a wizard
 15002 | D:14     | Noticed a wizard
 15003 | D:14     | Noticed a catoblepas
 15003 | D:14     | Noticed a wizard
 15050 | D:14     | Noticed an orb spider
 15051 | D:14     | Noticed a manticore
 15051 | D:14     | an orb spider changed into a spriggan
 15076 | D:14     | Mangled by a manticore

Illustrated notes

Levels and vault maps discovered:
D:1:      matt_arrival_diagonals, layout_loops_ring
D:2:      minmay_spotlight, layout_basic, minmay_tiny_reverse_x
D:3:      layout_rooms, uniq_grinder, uniq_terence, uniq_sigmund
D:4:      layout_basic, minmay_temple_entry_junction_2, portal_sewer_entry_c
D:5:      layout_cave_pools, chequers_serial_rivers_small_b,
          nicolae_qazlal_general_emergency
D:6:      kennysheep_orc_sif_temple, layout_basic,
          gammafunk_ghost_abyssal_escape, serial_rivers,
          chequers_serial_rivers_micro_e, chequers_serial_rivers_marsh,
          chequers_serial_rivers_large_a, chequers_serial_rivers_micro_c,
          chequers_serial_rivers_room_b, chequers_serial_rivers_micro_d,
          serial_shops, kennysheep_mini, uniq_pikel, uniq_crazy_yiuf_cottage
D:7:      layout_basic, uniq_joseph
D:8:      layout_loops_ring, grunt_lair_entry_orc_guard_hut, uniq_maurice
D:9:      layout_loops_ring, lemuel_mausoleum_altar_yredelemnul
D:10:     layout_long_grid
D:11:     layout_layer_cave, nemelex_xobeh_ov_fountains_minmay
D:14:     minmay_tri_stars, layout_cave_pools, skrybe_vaults_entry_preservation,
          kennysheep_decorative_pillar, basic_altar
Temple:   minmay_crystal_snake_temple

Skill      XL: |  1  2  3  4  5  6  7  8  9 10 11 |
---------------+----------------------------------+-----
Throwing       | 2 |  2.1
Armour         | 1 2 3 4 5 7 8 9 |  9.5
Fighting       | 3 4 5 6 8 9 10 | 10.6
Axes           | 5 6 7 9 10 12 14 15 | 15.5
Dodging        | 3 |  3.0

Action                   |  1- 3 |  4- 6 |  7- 9 | 10-12 || total
-------------------------+-------+-------+-------+-------++-------
Melee: War axe           |   124 |   170 |   379 |   463 ||  1136
Throw: Throwing net      |       |       |     2 |     2 ||     4
       Dart              |       |       |       |     4 ||     4
Invok: Lunge             |       |     4 |    24 |    31 ||    59
       Whirlwind         |       |       |     4 |    31 ||    35
  Use: Scroll            |       |       |       |     3 ||     3
 Stab: Held in net/web   |       |       |     1 |       ||     1
Armor: Leather armour    |     7 |       |       |       ||     7
       Ring mail         |    60 |     5 |       |   135 ||   200
       Scale mail        |       |    70 |    16 |       ||    86
       Chain mail        |       |       |    43 |       ||    43
       Plate armour      |       |       |   152 |    21 ||   173
Dodge: Dodged            |    98 |    72 |   120 |   191 ||   481
